 Dungeon Crawl Stone Soup version 0.16.0-1-gbc1383b (console) character file.

2986 schistosoma the Basher (level 9, -7/69 HPs)
             Began as a Demonspawn Berserker on Mar 14, 2015.
             Was a High Priest of Trog.
             Mangled by a gargoyle
             ... wielding a +0 flail
              (13 damage)
             ... on level 8 of the Dungeon.
             The game lasted 00:10:45 (6516 turns).

schistosoma the Basher (Demonspawn Berserker)       Turns: 6516, Time: 00:10:45

Health: -7/69      AC:  9    Str: 19    XL:     9   Next: 53%
Magic:  9/9        EV: 12    Int:  9    God:    Trog [*****.]
Gold:   276        SH:  0    Dex: 14    Spells: 0 memorised, 8 levels left

rFire  . . .     SeeInvis .     a - +0 mace
rCold  . . .     Clarity  .     b - +0 animal skin
rNeg   . . .     SustAb   .     (no shield)
rPois  +         Gourm    .     (no helmet)
rElec  .         Spirit   .     (no cloak)
rCorr  .         Warding  .     (no gloves)
rMut   .         Stasis   .     m - +0 pair of boots
MR     +....                    (no amulet)
Stlth  +.........               p - ring of poison resistance
                                g - ring of protection from magic

@: invisible, somewhat resistant to hostile enchantments, very unstealthy
A: hooves 2, iridescent scales 2
a: Burn Spellbooks, Berserk, Trog's Hand, Brothers in Arms, Renounce Religion


You were on level 8 of the Dungeon.
You worshipped Trog.
Trog was extremely pleased with you.
You were very hungry.

You visited 1 branch of the dungeon, and saw 8 of its levels.

You collected 276 gold pieces.

Inventory:

Hand weapons
 a - a +0 mace (weapon)
Armour
 b - a +0 animal skin (worn)
 m - a +0 pair of boots (worn)
Jewellery
 g - a ring of protection from magic (left hand)
 p - a ring of poison resistance (right hand)
 G - a +3 ring of intelligence
Magical devices
 E - a wand of flame (18)
 K - a wand of fire (3)
Scrolls
 e - a scroll of immolation
 l - 2 scrolls of recharging {unknown}
 n - 4 scrolls of remove curse {unknown}
 o - 3 scrolls of identify {unknown}
 q - a scroll of fog {unknown}
 r - 2 scrolls of fear {unknown}
 s - 3 scrolls of noise {unknown}
 u - 7 scrolls of teleportation {unknown}
 x - a scroll of magic mapping {unknown}
 y - 2 scrolls of random uselessness {unknown}
 z - a scroll of enchant armour {unknown}
 A - a scroll of enchant weapon {unknown}
 F - a scroll of amnesia {unknown}
 L - a scroll of brand weapon {unknown}
Potions
 d - 6 potions of curing
 f - a potion of resistance {unknown}
 h - a potion of agility {unknown}
 v - a potion of mutation {unknown}
 w - a potion of cure mutation {unknown}
 B - a potion of poison
 C - a potion of magic
 D - a potion of berserk rage {unknown}
 H - a potion of brilliance {unknown}
 J - a potion of ambrosia {unknown}
Comestibles
 c - 8 bread rations
 i - 5 meat rations
 j - 4 fruits
 t - 4 beef jerkies
 I - a poisonous chunk of flesh


   Skills:
 + Level 5.8 Fighting
 + Level 10.7 Maces & Flails
 + Level 4.6 Armour
 - Level 1.7 Dodging


You had 8 spell levels left.
You didn't know any spells.

Dungeon Overview and Level Annotations

Branches:
Dungeon (8/15)             Temple (0/1) D:6
   Lair: D:8-11

Altars:
Fedhas
Kikubaaqudgha
Sif Muna
Xom
Yredelemnul
The Shining One

Shops:
D:6 (

Annotations:
D:7 exclusion: ice statue


Innate Abilities, Weirdness & Mutations

You have hoof-like feet.
You are mostly covered in iridescent scales (AC +6).


Message History

Unknown command.
Drink which item? (? for menu, Esc to quit)
It was a potion of curing.
You feel better. The gargoyle hits you with a flail!
* * * LOW HITPOINT WARNING * * *
Unknown command.
Read which item? (? for menu, Esc to quit)
Okay, then.
Drink which item? (? for menu, Esc to quit)
Okay, then.
Unknown command.
Unknown command.
Drink which item? (? for menu, Esc to quit)
It was a potion of poison.
You feel slightly nauseous.
The gargoyle hurls a stone arrow at you.
The stone arrow misses you.
Drink which item? (? for menu, Esc to quit)
It was a potion of invisibility.
You fade into invisibility!
The gargoyle hits you with a flail!
You die...

▒∙∙∙▒∙▒▒▒▒▒▒▒▒▒ ▒▒▒▒
▒∙∙∙▒∙▒∙∙∙∙∙∙∙∙
▒∙∙∙∙▒▒▒▒▒∙∙∙▒∙▒∙▒▒▒▒▒▒▒
▒∙∙∙∙∙∙∙∙∙∙∙$▒∙∙∙<∙∙∙∙∙∙
▒∙∙∙∙∙∙∙∙▒∙∙∙▒▒▒▒▒▒▒▒▒▒▒
▒∙∙∙∙∙∙∙∙▒∙∙∙∙∙∙∙∙∙∙∙▒▒▒
∙▒∙∙∙∙∙∙$∙▒∙∙∙∙▒▒▒∙∙∙∙■∙∙
∙∙∙∙∙∙∙∙∙∙∙∙∙∙∙▒ ▒∙∙∙∙▒▒▒
∙∙∙∙∙∙∙∙@∙∙∙∙∙∙▒▒▒▒■▒∙▒
∙∙∙∙∙∙∙▒9∙∙▒■▒∙∙∙∙∙∙∙∙▒▒▒


∙∙∙∙∙∙∙∙∙∙∙∙∙∙∙∙∙∙∙∙∙∙∙∙ ▒▒∙∙∙∙∙▒▒∙▒∙∙∙∙∙∙∙∙∙∙∙∙∙ ▒▒▒∙∙∙ ∙∙▒▒▒▒∙∙▒▒▒▒▒▒▒▒ ▒▒▒∙
∙∙∙ ∙∙∙∙ ▒▒▒∙∙▒▒ ▒∙∙ ∙∙∙▒ ∙∙▒ You could see a gargoyle.

Vanquished Creatures
  A hill giant (D:5)
  A hippogriff (D:7)
  A human (D:5)
  A water moccasin (D:7)
  2 ice beasts
  An orc warrior (D:7)
  A phantom (D:6)
  A wasp (D:7)
  A black bear (D:7)
  3 centaurs
  A sky beast (D:4)
  4 ogres
  2 giant frogs
  A scorpion (D:4)
  A goliath beetle (D:8)
  A hound (D:7)
  5 orc wizards
  3 centaur skeletons
  5 crimson imps
  2 orc priests
  3 worker ants
  6 gnolls
  7 adders
  2 shadow imps
  An adder skeleton (D:6)
  3 giant geckos
  An ooze (D:2)
  26 orcs
  12 bats
  7 giant cockroaches
  14 goblins
  13 hobgoblins
  10 jackals (D:1)
  16 kobolds
  3 quokkas
  3 ball pythons
  2 giant newts
  2 gnoll zombies (D:3)
  A jackal zombie (D:5)
  A kobold zombie (D:5)
  A quokka zombie (D:5)
  7 rats
179 creatures vanquished.

Notes
Turn   | Place    | Note
--------------------------------------------------------------
     0 | D:1      | schistosoma, the Demonspawn Berserker, began the quest for the Orb.
     0 | D:1      | Reached XP level 1. HP: 18/18 MP: 1/1
   186 | D:1      | Gained mutation: You are partially covered in iridescent scales (AC +4). [demonic ancestry]
   186 | D:1      | Reached XP level 2. HP: 13/24 MP: 2/2
   672 | D:1      | Acquired Trog's second power
   799 | D:2      | Reached XP level 3. HP: 26/29 MP: 3/3
   855 | D:2      | Reached skill level 4 in Maces & Flails
   922 | D:2      | Reached XP level 4. HP: 35/35 MP: 4/4
  1737 | D:3      | Found a blossoming altar of Fedhas.
  1738 | D:3      | Found a glowing golden altar of the Shining One.
  2005 | D:3      | Found a glowing drain.
  2239 | D:3      | Found a basalt altar of Yredelemnul.
  2415 | D:3      | Reached XP level 5. HP: 41/41 MP: 5/5
  2535 | D:4      | Noticed a phantom
  2747 | D:4      | Reached skill level 5 in Maces & Flails
  2776 | D:4      | Found a shimmering altar of Xom.
  2776 | D:4      | Found a deep blue altar of Sif Muna.
  2951 | D:4      | Found an ancient bone altar of Kikubaaqudgha.
  3361 | D:4      | Noticed a sky beast
  3377 | D:4      | Killed a sky beast
  3377 | D:4      | Reached skill level 6 in Maces & Flails
  3377 | D:4      | Reached XP level 6. HP: 24/47 MP: 6/6
  3497 | D:5      | Entered Level 5 of the Dungeon
  3633 | D:5      | Noticed a hill giant
  3645 | D:5      | Killed a hill giant
  3645 | D:5      | Reached skill level 8 in Maces & Flails
  3645 | D:5      | Gained mutation: You have large cloven feet. [demonic ancestry]
  3645 | D:5      | Reached XP level 7. HP: 25/52 MP: 7/7
  3835 | D:5      | Found a runed door.
  3835 | D:5      | Noticed a human
  3839 | D:5      | Found a basalt altar of Yredelemnul.
  3884 | D:5      | Killed a human
  3884 | D:5      | Reached skill level 9 in Maces & Flails
  3884 | D:5      | Gained mutation: You have hoof-like feet. [demonic ancestry]
  3884 | D:5      | Reached XP level 8. HP: 16/58 MP: 8/8
  3910 | D:5      | Acquired Trog's third power
  4130 | D:5      | HP: 1/58 [ogre/giant club (26)]
  4675 | D:6      | Found Uhiamumn's Weapon Shop.
  5035 | D:6      | Reached skill level 10 in Maces & Flails
  5172 | D:6      | Found a staircase to the Ecumenical Temple.
  5457 | D:7      | Noticed an ice statue
  5504 | D:7      | Gained mutation: You are mostly covered in iridescent scales (AC +6). [demonic ancestry]
  5504 | D:7      | Reached XP level 9. HP: 66/66 MP: 9/9
  5608 | D:7      | Reached skill level 5 in Fighting
  6507 | D:8      | Noticed a gargoyle
  6516 | D:8      | Mangled by a gargoyle

Action                   |  1- 3 |  4- 6 |  7- 9 || total
-------------------------+-------+-------+-------++-------
Melee: Mace              |    71 |   161 |   340 ||   572
Invok: Berserk           |     1 |     3 |     3 ||     7
       Trog's Hand       |       |     2 |     1 ||     3
  Use: Scroll            |     1 |     1 |       ||     2
       Potion            |       |     1 |     3 ||     4
 Stab: Distracted        |       |     1 |       ||     1
       Sleeping          |       |     1 |     2 ||     3
  Eat: Chunk             |     1 |     7 |    13 ||    21
       Royal jelly       |       |     1 |       ||     1
       Beef jerky        |       |     1 |       ||     1
